 Dungeon Crawl Stone Soup version 0.19.1 (webtiles) character file.

19020 Vasilisck the Fighter (level 12, -1/100 HPs)
             Began as a Demonspawn Berserker on Nov 29, 2016.
             Was a High Priest of Trog.
             Slain by Rupert
             ... wielding a +2 great mace of protection
              (30 damage)
             ... on level 3 of the Lair of Beasts.
             The game lasted 00:31:04 (11885 turns).

Vasilisck the Fighter (Demonspawn Berserker)       Turns: 11885, Time: 00:31:05

Health: -1/100     AC: 22    Str: 21    XL:     12   Next: 32%
Magic:  12/12      EV: 11    Int: 10    God:    Trog [*****.]
Gold:   719        SH:  0    Dex: 13    Spells: 0 memorised, 11 levels left

rFire  . . .     SeeInvis .     J - +6 halberd (flame)
rCold  . . .     Gourm    .     P - +0 plate armour
rNeg   . . .     Faith    .     (shield currently unavailable)
rPois  .         Spirit   .     (helmet restricted)
rElec  .         Reflect  .     M - +1 cloak
rCorr  .         Harm     +     O - +0 pair of gloves
MR     +....                    (no boots)
Stlth  ..........               I - amulet of harm
                                g - +4 ring of protection
                                R - ring of protection from magic

@: lethally poisoned (-1 -> -11), exhausted, slowed, very slow
A: antennae 2, powered by death 1, spiny 3
a: Berserk, Trog's Hand, Brothers in Arms, Burn Spellbooks, Renounce Religion


You were on level 3 of the Lair of Beasts.
You worshipped Trog.
Trog was extremely pleased with you.
You were near starving.

You visited 2 branches of the dungeon, and saw 13 of its levels.
You also visited: Ossuary.

You collected 719 gold pieces.

Inventory:

Hand Weapons
 J - a +6 halberd of flaming (weapon)
Armour
 M - a +1 cloak (worn)
 O - a +0 pair of gloves (worn)
 P - a +0 plate armour (worn)
Jewellery
 g - a +4 ring of protection (right hand)
 I - an amulet of harm (around neck)
 R - a ring of protection from magic (left hand)
Wands
 j - a wand of acid (7/15)
 y - a wand of lightning (9/15)
 G - a wand of hasting (4/9)
 L - a wand of acid (11/15)
Scrolls
 b - a scroll of enchant armour
 e - a scroll of recharging
 h - a scroll of magic mapping {unknown}
 p - 9 scrolls of remove curse
 x - a scroll of fear
 F - 3 scrolls of identify
 H - a scroll of blinking
 K - 4 scrolls of teleportation
Potions
 d - 2 potions of resistance
 f - a potion of cure mutation
 i - 4 potions of flight
 m - a potion of agility
 r - 4 potions of might
 s - 10 potions of curing
 v - a potion of haste
 z - 2 potions of invisibility
 B - 2 potions of brilliance
Comestibles
 a - 2 meat rations
 c - 8 bread rations
 k - a slice of pizza
 n - 8 fruits


   Skills:
 + Level 11.1 Fighting
   Level 9.0 Axes
 + Level 10.0 Armour
 + Level 9.9 Dodging


You had 11 spell levels left.
You didn't know any spells.

Dungeon Overview and Level Annotations

Branches:
Dungeon (10/15)            Temple (0/1) D:5            Lair (3/6) D:9
  Swamp: Lair:2-4    Shoals: Lair:2-4     Snake: Lair:2-4    Spider: Lair:2-4
    Orc: D:9-12

Altars:

Portals:
Trove: D:10 (give 11 potions of heal wounds)

Annotations:
Lair:3 Rupert


Innate Abilities, Weirdness & Mutations

You have a pair of antennae on your head.
You regenerate a little health from kills.
You are completely covered in sharp spines.


Message History

Rupert hits you with a great mace of protection!
You slice Rupert!! You burn Rupert.
Rupert is heavily wounded.
You feel sick.
Rupert hits you with a great mace of protection!
The blink frog hits you but does no damage.
You impale Rupert!! You burn Rupert!
Rupert is severely wounded.
You feel sick.
The blink frog is struck by your spines.
The blink frog hits you!
The blink frog blinks!
Rupert hits you with a great mace of protection!
The blink frog blinks!
Your plate armour prevents you from hitting Rupert.
Rupert is severely wounded.
You are no longer berserk.
You are exhausted.
You feel yourself slow down.
You feel sick.
Rupert hits you with a great mace of protection!!
You die...

#≈≈≈≈.≈.≈≈≈.#
#.≈≈≈≈≈≈≈≈≈..#
#.≈≈F≈≈≈≈≈≈..#
##..≈≈≈≈≈≈....
#..≈.≈≈F.....
###..........
#.....(.....
##§........ ##
#.@........
#...#@##..F...
#.<..§..##...
#.........#...
###........###
#.####..... ##
##....♣ #....
.♣..


You could see Rupert (berserk) and 3 blink frogs.

Vanquished Creatures
  The ghost of Quirk the Carver, a journeyman MiFi of the Shining One (Lair:2)
  Erolcha (D:10)
  3 skeletal warriors (D:9)
  A hill giant (D:10)
  Pikel (D:8)
  The ghost of Quirk the Skirmisher, a novice MiFi of the Shining One (D:5)
  Joseph (D:7)
  A black mamba (Lair:1)
  3 spiny frogs
  2 rime drakes
  2 komodo dragons
  5 two-headed ogres
  6 blink frogs
  2 hippogriffs
  Sigmund (D:3)
  2 wyverns
  Eustachio (D:6)
  12 yaks
  3 hungry ghosts
  2 basilisks (Lair:2)
  Menkaure (D:6)
  A steam dragon (D:9)
  A water moccasin (D:5)
  2 porcupines (Lair:1)
  3 orc warriors
  5 phantoms
  3 sky beasts
  An eye of draining (D:10)
  A black bear (D:8)
  3 ice beasts
  A necrophage (D:7)
  4 wolves (Lair:1)
  6 ogres
  6 centaurs
  4 crocodiles
  7 bullfrogs
  A wyvern zombie (Ossuary)
  A big kobold (D:8)
  A wyvern skeleton (D:10)
  4 scorpions
  6 killer bees (D:8)
  2 howler monkeys
  A crimson imp (D:5)
  2 bullfrog zombies
  A centaur zombie (Ossuary)
  2 hounds (D:9)
  10 orc priests
  Crazy Yiuf (D:7)
  A jelly (D:9)
  3 bullfrog skeletons
  3 iguanas
  12 orc wizards
  7 worker ants
  4 hound zombies
  A hound skeleton (D:7)
  13 mummies (Ossuary)
  2 howler monkey zombies (Ossuary)
  4 worker ant zombies (Ossuary)
  7 gnolls
  10 adders
  3 river rats (D:9)
  4 shadow imps
  An ooze (D:7)
  6 adder zombies
  2 adder skeletons
  2 worms
  5 leopard geckos
  16 orcs
  14 bats
  11 giant cockroaches
  10 goblins
  6 hobgoblins
  10 jackals
  10 kobolds
  4 quokkas
  A ball python (D:2)
  7 frilled lizards
  A giant cockroach zombie (Ossuary)
  A jackal skeleton (D:8)
  A jackal zombie (Ossuary)
  A leopard gecko skeleton (D:4)
  A leopard gecko zombie (Ossuary)
  2 quokka zombies (Ossuary)
  16 rats
334 creatures vanquished.

Vanquished Creatures (others)
  2 slaves (D:8)
  A fungus (D:9)
  A withered plant (Ossuary)
4 creatures vanquished.

Grand Total: 338 creatures vanquished

Notes
Turn   | Place    | Note
-------+----------+-------------------------------------------
     0 | D:1      | Vasilisck the Demonspawn Berserker began the quest for the Orb.
     0 | D:1      | Reached XP level 1. HP: 18/18 MP: 1/1
   218 | D:1      | Gained mutation: You have a pair of small antennae on your head. [demonic ancestry]
   218 | D:1      | Reached XP level 2. HP: 20/24 MP: 2/2
  1002 | D:2      | Gained mutation: You are partially covered in sharp spines. [demonic ancestry]
  1002 | D:2      | Reached XP level 3. HP: 22/29 MP: 3/3
  1457 | D:2      | Gained mutation: You are mostly covered in sharp spines. [demonic ancestry]
  1457 | D:2      | Reached XP level 4. HP: 13/35 MP: 4/4
  1695 | D:2      | Reached ** piety under Trog
  2294 | D:3      | Gained mutation: You have a pair of antennae on your head. [demonic ancestry]
  2294 | D:3      | Reached XP level 5. HP: 29/42 MP: 5/5
  2597 | D:3      | Found a faded altar of an unknown god.
  3002 | D:3      | Noticed Sigmund
  3015 | D:3      | Killed Sigmund
  3015 | D:3      | Reached skill level 4 in Fighting
  3015 | D:3      | Reached XP level 6. HP: 44/48 MP: 6/6
  3453 | D:4      | Gained mutation: You regenerate a little health from kills. [demonic ancestry]
  3453 | D:4      | Reached XP level 7. HP: 55/55 MP: 7/7
  3846 | D:4      | Reached *** piety under Trog
  3972 | D:4      | Reached skill level 5 in Fighting
  4188 | D:5      | Entered Level 5 of the Dungeon
  4189 | D:5      | Noticed a two-headed ogre
  4479 | D:5      | Killed a two-headed ogre
  4537 | D:5      | Noticed Quirk's ghost (novice MiFi)
  4552 | D:5      | Killed Quirk's ghost
  4552 | D:5      | Reached skill level 5 in Axes
  4552 | D:5      | Reached skill level 5 in Armour
  4552 | D:5      | Reached skill level 5 in Dodging
  4552 | D:5      | Reached XP level 8. HP: 31/64 MP: 8/8
  4760 | D:5      | Reached skill level 6 in Fighting
  4780 | D:5      | Found a staircase to the Ecumenical Temple.
  4925 | D:5      | Reached XP level 9. HP: 38/71 MP: 9/9
  4931 | D:5      | Reached **** piety under Trog
  5458 | D:6      | Reached skill level 7 in Fighting
  5760 | D:6      | Noticed Menkaure
  5764 | D:6      | Killed Menkaure
  5976 | D:6      | Noticed Eustachio
  5985 | D:6      | Killed Eustachio
  6392 | D:7      | Found a sand-covered staircase.
  6397 | Ossuary  | Entered an ossuary
  6471 | Ossuary  | Reached ***** piety under Trog
  6625 | Ossuary  | Received a gift from Trog
  6800 | D:7      | Noticed Joseph
  7114 | D:7      | Killed Joseph
  7114 | D:7      | Reached XP level 10. HP: 80/80 MP: 10/10
  7296 | D:7      | Found a runed door.
  7518 | D:7      | Reached skill level 8 in Fighting
  7571 | D:7      | Noticed Crazy Yiuf
  7575 | D:7      | Killed Crazy Yiuf
  7855 | D:8      | Noticed Pikel
  7863 | D:8      | Killed Pikel
  8295 | D:9      | Found a staircase to the Lair.
  8436 | D:9      | Reached skill level 9 in Fighting
  8562 | D:9      | Noticed a skeletal warrior
  8578 | D:9      | Killed a skeletal warrior
  8578 | D:9      | Gained mutation: You are completely covered in sharp spines. [demonic ancestry]
  8578 | D:9      | Reached XP level 11. HP: 52/89 MP: 11/11
  8644 | D:9      | Noticed a skeletal warrior
  8661 | D:9      | Killed a skeletal warrior
  8733 | D:9      | Noticed a skeletal warrior
  8744 | D:9      | Killed a skeletal warrior
  9171 | D:10     | Entered Level 10 of the Dungeon
  9401 | D:10     | Found a portal to a secret trove of treasure.
  9633 | D:10     | Noticed a hill giant
  9640 | D:10     | Killed a hill giant
  9831 | D:10     | Noticed Erolcha
  9839 | D:10     | Killed Erolcha
  9839 | D:10     | Reached skill level 10 in Fighting
  9993 | Lair:1   | Entered Level 1 of the Lair of Beasts
 10632 | Lair:1   | Reached XP level 12. HP: 98/98 MP: 12/12
 11197 | Lair:2   | Noticed Quirk's ghost (journeyman MiFi)
 11214 | Lair:2   | Killed Quirk's ghost
 11376 | Lair:2   | Reached skill level 11 in Fighting
 11868 | Lair:3   | Noticed Rupert
 11874 | Lair:3   | Reached skill level 10 in Armour
 11885 | Lair:3   | Slain by Rupert

Skill      XL: |  1  2  3  4  5  6  7  8  9 10 11 12 |
---------------+-------------------------------------+-----
Armour         | 2 3 5 7 8 9 10 | 10.0
Dodging        | 2 3 5 6 8 9 |  9.9
Axes           | 3 4 5 7 8 9 |  9.0
Fighting       | 4 5 6 7 9 10 11 | 11.1

Action                   |  1- 3 |  4- 6 |  7- 9 | 10-12 || total
-------------------------+-------+-------+-------+-------++-------
Melee: Hand axe          |    87 |    84 |   225 |       ||   396
       War axe           |       |       |   128 |       ||   128
       Halberd           |       |       |    11 |   379 ||   390
Invok: Berserk           |     2 |     2 |     8 |     4 ||    16
       Trog's Hand       |       |       |     2 |       ||     2
  Use: Scroll            |       |     5 |    13 |     8 ||    26
       Potion            |       |       |    11 |     2 ||    13
 Stab: Sleeping          |       |     1 |     1 |       ||     2
  Eat: Chunk             |     3 |     5 |    11 |    14 ||    33
       Beef jerky        |       |     1 |       |       ||     1
       Fruit             |       |     1 |     2 |       ||     3
       Meat ration       |       |       |     2 |       ||     2
       Bread ration      |       |       |     1 |       ||     1
       Royal jelly       |       |       |       |     1 ||     1
Armor: Animal skin       |     8 |     8 |    44 |       ||    60
       Chain mail        |       |       |    54 |    42 ||    96
       Plate armour      |       |       |       |   126 ||   126
Dodge: Dodged            |    70 |    42 |   170 |   129 ||   411
